 Dungeon Crawl Stone Soup version 0.23.1 (webtiles) character file.

Game seed: 16772257651477490785

476 Borgoz the Cutter (level 7, 0/56 (57) HPs)
             Began as a Ghoul Enchanter on Mar 4, 2019.
             Was a Follower of Ashenzari.
             Slain by a mummy (12 damage)
             ... in an ossuary.
             The game lasted 00:12:06 (4784 turns).

Borgoz the Cutter (Ghoul Enchanter)                 Turns: 4784, Time: 00:12:07

HP:   0/56 (57)     AC:  6    Str: 17    XL:     7   Next: 10%
MP:   7/8           EV: 12    Int: 10    God:    Ashenzari [*.....]
Gold: 157           SH:  0    Dex: 11    Spells: 3/9 levels left

rFire    . . .     SeeInvis .   a - +1 dagger
rCold    + . .     Gourm    .   (no shield)
rNeg     + + +     Faith    .   h - +0 leather armour (curse)
rPois    ∞         Spirit   .   (no helmet)
rElec    .         Reflect  .   (no cloak)
rCorr    .         Harm     .   p - +2 pair of gloves
MR       .....                  (no boots)
Stlth    ++........             (no amulet)
HPRegen  0.00/turn              (no ring)
MPRegen  0.11/turn              (no ring)

@: mighty, rotting
A: rotting body, claws 1, carnivore, cold resistance 1, negative energy
resistance 3, inhibited regeneration, torment resistance, unbreathing
a: Curse Item, Scrying, Renounce Religion


You were in an ossuary.
You worshipped Ashenzari.
Ashenzari was aware of your devotion.
You were not hungry.

You visited 1 branch of the dungeon, and saw 4 of its levels.
You also visited: Ossuary.

You collected 157 gold pieces.

Inventory:

Hand Weapons
 a - a +1 dagger (weapon)
Missiles
 n - 6 tomahawks (quivered)
Armour
 h - a cursed +0 leather armour (worn)
 p - a +2 pair of gloves (worn)
Wands
 m - a wand of flame (7)
 q - a wand of digging (6)
Scrolls
 c - 3 scrolls of remove curse
 e - 3 scrolls of enchant armour
 f - 4 scrolls of fog
 g - 2 scrolls of fear
Potions
 i - 2 potions of flight
 j - 3 potions of curing
 k - a potion of might
 l - a potion of cancellation
 o - a potion of mutation
Comestibles
 d - 10 rations


   Skills:
 + Level 3.4 Fighting
 * Level 4.3 Short Blades
 + Level 3.4 Dodging
 + Level 3.9 Stealth
 - Level 1.7 Spellcasting
 + Level 2.7 Hexes


You had 3 spell levels left.
You knew the following spells:

 Your Spells              Type           Power        Failure   Level  Hunger
a - Corona                Hex            #......      13%         1    ##.....
b - Ensorcelled Hibernat  Hex/Ice        #.....       34%         2    ###....
c - Confuse               Hex            #.......     36%         3    ####...

Your spell library contained the following spells:

 Spells                   Type           Power        Failure   Level  Hunger
 Tukima's Dance           Hex            #.......     36%         3    ####...
 Dazzling Spray           Conj/Hex       #.....       56%         3    ####...


Dungeon Overview and Level Annotations

Branches:
Dungeon (4/15)
 Temple: D:4-7

Altars:
Ashenzari
Fedhas


Innate Abilities, Weirdness & Mutations

Your body is rotting away.
You thrive on raw meat.
You are immune to poison.
You have sharp fingernails.
You are carnivorous and can eat meat at any time.
Your flesh is cold resistant. (rC+)
You are immune to negative energy. (rN+++)
You do not regenerate when monsters are visible.
You are immune to unholy pain and torment.
You can survive without breathing.


Message History

The gnoll zombie is severely damaged.
You puncture the gnoll zombie!
You destroy the gnoll zombie!
A mummy comes into view.
Found a ration and 19 gold pieces.
Found a ration and 16 gold pieces.
Casting: Corona (safe; 13% risk of failure)
Confirm with . or Enter, or press ? or * to list all spells.
Aiming: Corona (safe; 13% risk of failure)
Press: ? - help, Shift-Dir - straight line, f - mummy
Aim: a mummy (chance to defeat MR: 40%)
The mummy is outlined in light.
You hit the mummy but do no damage. You barely miss the mummy.
The mummy barely misses you.
You hit the mummy.
The mummy is lightly damaged.
You puncture the mummy!
The mummy is heavily damaged.
The mummy hits you!
You die...

########## #$%#..
..∩....... #$%+....
.......... ####....
..#####..... #......
.............. #......
............... #.....#
...............
#....M##...............
#.....@................
#......................
#..#...................
#. ##..................
#.........∩∩....... .
##..................
..#...................
#......................
#.....##...............


You could see a mummy.

Vanquished Creatures
  An elf zombie (Ossuary)
  A scorpion (D:3)
  2 orc priests (D:3)
  Terence (D:3)
  2 worker ants (D:3)
  2 hound zombies (Ossuary)
  3 mummies (Ossuary)
  4 adders
  2 worms
  A dart slug (D:4)
  5 leopard geckos
  10 orcs
  3 ball pythons
  3 giant cockroaches
  4 gnoll zombies (Ossuary)
  12 goblins
  5 hobgoblins
  2 jackals (D:3)
  3 quokkas
  8 bats
  7 frilled lizards
  A goblin zombie (Ossuary)
  A jackal zombie (Ossuary)
  7 kobolds
  2 kobold zombies (Ossuary)
  25 rats
  A rat zombie (Ossuary)
118 creatures vanquished.

Notes
Turn   | Place    | Note
-------+----------+-------------------------------------------
     0 | D:1      | Borgoz the Ghoul Enchanter began the quest for the Orb.
     0 | D:1      | Reached XP level 1. HP: 14/14 MP: 2/2
    25 | D:1      | Found a shattered altar of Ashenzari.
    35 | D:1      | Became a worshipper of Ashenzari the Shackled
    47 | D:1      | Reached skill level 1 in Short Blades
   144 | D:1      | Reached XP level 2. HP: 22/22 MP: 3/3
   151 | D:1      | Learned a level 2 spell: Ensorcelled Hibernation
   480 | D:1      | Reached skill level 1 in Fighting
   664 | D:1      | Reached XP level 3. HP: 14/28 MP: 4/4
   684 | D:1      | Reached skill level 2 in Short Blades
  1595 | D:2      | Found a faded altar of an unknown god.
  2301 | D:2      | Reached XP level 4. HP: 34/35 MP: 5/5
  2587 | D:3      | Reached skill level 3 in Short Blades
  2587 | D:3      | Reached XP level 5. HP: 25/41 MP: 0/6
  3126 | D:3      | Reached * piety under Ashenzari
  3277 | D:3      | Reached XP level 6. HP: 20/50 MP: 1/7
  3677 | D:3      | Noticed Terence
  3685 | D:3      | Killed Terence
  3780 | D:3      | Found a blossoming altar of Fedhas.
  3820 | D:3      | Reached skill level 4 in Short Blades
  3931 | D:3      | Learned a level 3 spell: Confuse
  4161 | D:4      | Found a sand-covered staircase.
  4179 | Ossuary  | Entered an ossuary
  4764 | Ossuary  | Reached XP level 7. HP: 16/56 MP: 8/8
  4784 | Ossuary  | Slain by a mummy

Skill      XL: |  1  2  3  4  5  6 |
---------------+-------------------+-----
Short Blades   | 1 2 3 4 |  4.3
Dodging        | 2 3 |  3.4
Fighting       | 1 2 3 |  3.4
Stealth        | |  3.9
Spellcasting   | |  1.7
Hexes          | |  2.7

Action                   |  1- 3 |  4- 6 |  7- 9 || total
-------------------------+-------+-------+-------++-------
Melee: Dagger            |   229 |   377 |    11 ||   617
 Cast: Corona            |     1 |     3 |     1 ||     5
       Ensorcelled Hiber |     5 |    13 |       ||    18
Evoke: Wand              |       |    10 |       ||    10
  Use: Scroll            |     3 |     8 |       ||    11
       Potion            |       |     4 |       ||     4
 Stab: Sleeping          |    13 |    10 |       ||    23
  Eat: Chunk             |    16 |    32 |       ||    48
Armor: Robe              |    21 |       |       ||    21
       Leather armour    |    14 |   109 |       ||   123
Dodge: Dodged            |   118 |   216 |     6 ||   340
